 Dungeon Crawl Stone Soup version 0.27.1-3-gb3d3a73c9e (webtiles) character file.

Game seed: 18294124415972331677

53 CuBeRJAN3 the Magician (level 3, -6/20 HPs)
             Began as a Deep Elf Fire Elementalist on Oct 6, 2021.
             Killed from afar by Natasha (10 damage)
             ... with a magic dart
             ... on level 2 of the Dungeon.
             The game lasted 00:06:14 (1306 turns).

CuBeRJAN3 the Magician (Deep Elf Fire Elementalist) Turns: 1306, Time: 00:06:15

Health: -6/20      AC:  2    Str:  5    XL:     3   Next: 62%
Magic:  7/10       EV: 12    Int: 20    God:
Gold:   48         SH:  0    Dex: 15    Spells: 0/9 levels left

rFire    . . .     SeeInvis .   (no weapon)
rCold    . . .     Faith    .   (no shield)
rNeg     . . .     Spirit   .   a - +0 robe
rPois    .         Reflect  .   (no helmet)
rElec    .         Harm     .   (no cloak)
rCorr    .         Rampage  .   (no gloves)
Will     .....                  (no boots)
Stlth    ++........             (no amulet)
HPRegen  0.06/turn              (no ring)
MPRegen  0.12/turn              (no ring)

@: slowed, very slow
A: no striking features
a: no special abilities


You were on level 2 of the Dungeon.
You visited 1 branch of the dungeon, and saw 2 of its levels.

You collected 48 gold pieces.

Inventory:

Armour
 a - a +0 robe (worn)
Scrolls
 b - a scroll of amnesia {unknown}
 c - 3 scrolls of blinking {unknown}
 d - a scroll of enchant armour {unknown}
 e - 3 scrolls of identify {unknown}
Potions
 f - a potion of attraction {unknown}
 g - a potion of brilliance {unknown}


   Skills:
 * Level 1.2 Fighting
 - Level 2.4 Dodging
 + Level 2.9 Stealth
 * Level 3.9 Spellcasting
 + Level 1.6 Conjurations
 + Level 0.3 Hexes
 + Level 3.6 Fire Magic
 + Level 0.0 Poison Magic


You couldn't memorise any spells.
You knew the following spells:

 Your Spells              Type           Power      Damage    Failure   Level
a - Foxfire               Conj/Fire      56%        2x1d6     4%          1
b - Conjure Flame         Conj/Fire      14%        6-21      13%         3
c - Inner Flame           Hex/Fire       11%        N/A       17%         3
d - Poisonous Vapours     Pois/Air       8%         N/A       19%         2

Your spell library contained the following spells:

 Spells                   Type           Power      Damage    Failure   Level
 Sting                    Tmut/Pois      16%        1d3       13%         1
 Call Canine Familiar     Summ           3%         N/A       36%         3
 Portal Projectile        Hex/Tloc       8%         N/A       36%         3
 Sticky Flame             Conj/Fire      14%        2d4       41%         4
 Leda's Liquefaction      Hex/Erth       2%         N/A       77%         4
 Olgreb's Toxic Radiance  Pois           4%         N/A       77%         4
 Fireball                 Conj/Fire      7%         3d5       77%         5


Dungeon Overview and Level Annotations

Branches:
Dungeon (2/15)

Altars:

Annotations:
D:2 Natasha


Message History

The adder is lightly wounded.
The adder hisses angrily.
The foxfire hits the adder.
The adder is severely wounded.
Your foxfire dissipates!
The foxfire hits the adder but does no damage.
The adder is severely wounded.
The foxfire hits the adder.
The adder is severely wounded.
The foxfire hits the adder.
The adder is almost dead.
Casting: Foxfire (safe; 4% risk of failure)
Press: ? - help, Q - select action, (/) - cycle Dir - look around, f - activate You conjure some foxfire!
Natasha, Servant of Life and Death comes into view.
Natasha hisses angrily.
The foxfire hits the adder.
You kill the adder!
Natasha stares at you and mumbles some strange words.
You feel yourself slow down.
Your foxfire dissipates!
There is an open door here.
Natasha casts a spell at you. The magic dart hits you!
You close the door.
Okay, then.
Okay, then.
Okay, then.
Casting: Foxfire (safe; 4% risk of failure)
Confirm with . or Enter, or press ? or * to list all spells.
Aiming: Poisonous Vapours (safe; 19% risk of failure)
Press: ? - help, Dir - move target, f - Natasha
Aim: Natasha Poisonous vapours surround Natasha!
Natasha is poisoned.
Natasha claws you!
* * * LOW HITPOINT WARNING * * *
Natasha mumbles some strange words.
Natasha stares at you and mumbles some strange words.
The magic dart hits you!
Ouch! That really hurt!
You die...

....#..................#
#§#.#..................#
#.#h#..................#
#.#.#..................#
#†#.#....5.............#
#...##+##........).....#
##...h.##..h.......##'##
#..##.##..........##.######
#####.##.######.@.#####......#
.........# #.#.# ##......#
.........# #.#............###
.........# #.########.......##
........†# ... #.....#.#.
.........†. ..# ####+##.#.
..#####..... ...# #.#.... ..
......... #.##... . #.####
#....##


You could see Natasha (poisoned) and a white imp (summoned).

Vanquished Creatures
  2 adders (D:2)
  A dart slug (D:1)
  3 bats (D:1)
  3 endoplasms
  5 goblins
  4 hobgoblins
  3 kobolds (D:1)
  A quokka (D:1)
  5 ball pythons
  A frilled lizard (D:1)
  4 rats (D:1)
32 creatures vanquished.

Vanquished Creatures (others)
  89 foxfires
89 creatures vanquished.

Grand Total: 121 creatures vanquished

Notes
Turn   | Place    | Note
-------+----------+-------------------------------------------
     0 | D:1      | CuBeRJAN3 the Deep Elf Fire Elementalist began the quest
                  | for the Orb.
     0 | D:1      | Reached XP level 1. HP: 10/10 MP: 6/6
   172 | D:1      | Reached XP level 2. HP: 16/16 MP: 2/8
   481 | D:1      | Reached skill level 1 in Fighting
   871 | D:1      | Reached XP level 3. HP: 19/20 MP: 7/10
   895 | D:1      | Learned a level 3 spell: Conjure Flame
   899 | D:1      | Learned a level 3 spell: Inner Flame
  1232 | D:2      | Learned a level 2 spell: Poisonous Vapours
  1289 | D:2      | Noticed Natasha
  1306 | D:2      | Killed from afar by Natasha

Illustrated notes

Levels and vault maps discovered:
D:1:      dpeg_arrival_signposts, layout_basic
D:2:      layout_basic, uniq_natasha, uniq_terence, uniq_robin

Skill      XL: |  1  2 |
---------------+-------+-----
Fighting       | 1 |  1.2
Dodging        | |  2.4
Stealth        | |  2.9
Spellcasting   | |  3.9
Conjurations   | |  1.6
Hexes          | |  0.3
Fire Magic     | |  3.6

Action                   || total
-------------------------++-------
 Cast: Foxfire           ||    51
       Poisonous Vapours ||     1
Dodge: Dodged            ||     1
